 Dungeon Crawl Stone Soup version 0.26-a0-712-ga5a9c9c9d0 (webtiles) character file.

Game seed: 6497066454203443221

19 Azzok the Chopper (level 2, -7/24 HPs)
             Began as a Demonspawn Berserker on Nov 5, 2020.
             Was a Follower of Trog.
             Mangled by an ice beast (13 damage)
             ... on level 2 of the Dungeon.
             The game lasted 00:01:01 (385 turns).

Azzok the Chopper (Demonspawn Berserker)             Turns: 385, Time: 00:01:02

Health: -7/24      AC:  7    Str: 17    XL:     2   Next: 55%
Magic:  2/2        EV: 11    Int:  8    God:    Trog [*.....]
Gold:   14         SH:  0    Dex: 12    Spells: 1/1 levels left

rFire    . . .     SeeInvis .   a - +0 hand axe
rCold    . . .     Faith    .   (no shield)
rNeg     . . .     Spirit   .   c - +0 ring mail
rPois    .         Reflect  .   b - +0 helmet
rElec    .         Harm     .   (no cloak)
rCorr    .         Rampage  .   (no gloves)
MR       .....                  (no boots)
Stlth    +.........             (no amulet)
HPRegen  0.08/turn              (no ring)
MPRegen  0.08/turn              (no ring)

@: no status effects
A: rugged brown scales 1
a: Berserk, Renounce Religion


You were on level 2 of the Dungeon.
You worshipped Trog.
Trog was aware of your devotion.
You visited 1 branch of the dungeon, and saw 2 of its levels.

You collected 14 gold pieces.

Inventory:

Hand Weapons
 a - a +0 hand axe (weapon)
Armour
 b - a +0 helmet (worn)
 c - a +0 ring mail (worn)
Scrolls
 e - a scroll of identify {unknown}
Potions
 d - 2 potions of ambrosia {unknown}


   Skills:
 - Level 3.0 Fighting
 + Level 3.6 Axes
 - Level 1.7 Armour
 - Level 1.7 Dodging


You had one spell level left.
You didn't know any spells.
Your spell library was empty.

Dungeon Overview and Level Annotations

Branches:
Dungeon (1/15)

Altars:


Innate Abilities, Weirdness & Mutations

You are partially covered in rugged brown scales. (AC +1, +3% HP)


Message History

No target in view!
No target in view!
Found 13 poisoned darts.
Found a ring mail.
You see here a ring mail.
e - a scroll labeled OMOOHA OKLEA
Found 17 arrows.
Found 21 stones.
An ice beast comes into view.
Found a scroll labeled PUFUENE PYATHREY.
You see here 21 stones.
An ice beast is nearby!
The ice beast hits you. The ice beast freezes you!
Ouch! That really hurt!
You hit the ice beast but do no damage. The ice beast closely misses you.
You barely miss the ice beast. The ice beast hits you.
* * * LOW HITPOINT WARNING * * *
The ice beast freezes you!
Ouch! That really hurt!
You die...

▒▒▒▒▒ ▒▒▒▒···▒▒
········▒
··[···▒·▒▒▒▒▒▒▒▒▒▒▒▒▒▒▒▒
···▒▒▒▒·····▒···········
▒▒▒▒ ▒·····▒ ··········
▒ ▒···(·▒ ······?··
▒▒▒···▒ ▒·Y······
▒▒▒·[·▒▒▒▒@·······
▒·······(·········
▒▒▒···▒▒▒▒········ ▒···▒
▒········ ▒···▒
▒▒▒·▒▒▒·· ▒▒▒▒▒▒▒▒···▒
·▒ · ▒▒·····▒▒···▒ ·▒
········[···▒ ·▒
▒▒·····▒▒·▒▒▒


You could see an ice beast.

Vanquished Creatures
  An adder (D:2)
  An ooze (D:2)
  4 bats
  A frilled lizard (D:2)
  A kobold (D:1)
  A rat (D:1)
9 creatures vanquished.

Notes
Turn   | Place    | Note
-------+----------+-------------------------------------------
     0 | D:1      | Azzok the Demonspawn Berserker began the quest for the Orb.
     0 | D:1      | Reached XP level 1. HP: 18/18 MP: 1/1
   186 | D:1      | You fall into a shaft and drop 1 floor!
   216 | D:2      | Gained mutation: You are partially covered in rugged brown
                  | scales. (AC +1, +3% HP) [demonic ancestry]
   216 | D:2      | Reached XP level 2. HP: 17/24 MP: 2/2
   381 | D:2      | Noticed an ice beast
   385 | D:2      | Mangled by an ice beast

Illustrated notes

Levels and vault maps discovered:
D:1:      elethiomel_arrival_quiet, layout_basic
D:2:      layout_basic, eino_curves_04

Skill      XL: |  1 |
---------------+----+-----
Axes           | 3 |  3.6
Fighting       | |  3.0
Armour         | |  1.7
Dodging        | |  1.7

Action                   || total
-------------------------++-------
Melee: Hand axe          ||    38
Armor: Ring mail         ||    25
Dodge: Dodged            ||    37

Table legend: (Time is in decaauts)
 A = Elapsed time spent in this place.
 B = Non-inter-level travel time spent in this place.
 C = Inter-level travel time spent in this place.
 D = Time resting spent in this place.
 E = Time spent auto-exploring this place.
 F = Levels seen in this place.
 G = Mean time per level.
                   A        B        C        D        E       F      G
               +--------+--------+--------+--------+--------+-----+--------+
         Total |    390 |    390 |      0 |      0 |    275 |   2 |  195.0 |
       Dungeon |    390 |    390 |      0 |      0 |    275 |   2 |  195.0 |
               +--------+--------+--------+--------+--------+-----+--------+

Top non-repeatable levels by time:
     D:2: 202 daAuts
     D:1: 188 daAuts
